 Dungeon Crawl Stone Soup version 0.19-a0-1732-g0b18a7b (webtiles) character file.

52327 nubinia the Eclecticist (level 14, -14/72 HPs)
             Began as a High Elf Air Elementalist on Sept 5, 2016.
             Was a High Priest of Sif Muna.
             Demolished by an orc knight
             ... wielding a +0 war axe
              (36 damage)
             ... on level 9 of the Dungeon on Sept 30, 2016.
             The game lasted 04:02:46 (29983 turns).

nubinia the Eclecticist (HEAE)                     Turns: 29983, Time: 04:02:47

Health: -14/72     AC: 17    Str:  8    XL:     14   Next: 26%
Magic:  11/35      EV: 18    Int: 20    God:    Sif Muna [*****.]
Gold:   1524       SH:  0    Dex: 34    Spells: 14 memorised, 4 levels left

rFire  . . .     SeeInvis .     b - +0 mace (protect)
rCold  . . .     Gourm    .     S - +1 robe of the Jolly Spirits {+Fly Int-4 Dex+9 Stlth+} (curse)
rNeg   + + +     Faith    .     (no shield)
rPois  +         Spirit   .     Y - +3 hat of Anarchy {Int+4 Dex+4}
rElec  .         Dismiss  .     A - +2 cloak of Love and Death {rPois rN+++ Int-3 Stlth+}
rCorr  .         Reflect  .     y - +2 pair of gloves
MR     +....     Harm     .     Q - +0 pair of boots
Stlth  ++++++.... Clarity  +    (no amulet)
                                R - +4 ring of dexterity
                                F - +4 ring of protection

@: very slightly contaminated, repel missiles, divine energy
A: antennae 1, fangs 1, clarity, frail 1, poison resistance
a: Stop Divine Energy, Channel Magic, Forget Spell, Renounce Religion, Evoke
Flight


You were on level 9 of the Dungeon.
You worshipped Sif Muna.
Sif Muna was extremely pleased with you.
You were hungry.

You visited 4 branches of the dungeon, and saw 20 of its levels.
You also visited: Ice Cave and Volcano.

You collected 1770 gold pieces.
You spent 246 gold pieces at shops.

Inventory:

Hand Weapons
 a - a +5 dagger of flaming
 b - a +0 mace of protection (weapon)
 M - a +0 blowgun
Missiles
 t - 71 poisoned needles
Armour
 j - a +0 robe
 q - a +0 cloak of magic resistance
 v - the +2 cloak "Coir" {rPois rF+ rC+ Dex-5}
   (You acquired it on level 4 of the Lair of Beasts)

   It affects your dexterity (-5).
   It protects you from fire.
   It protects you from cold.
   It protects you from poison.
 y - a +2 pair of gloves (worn)
 A - the +2 cloak of Love and Death (worn) {rPois rN+++ Int-3 Stlth+}
   (You found it on level 5 of the Dungeon)

   It affects your intelligence (-3).
   It protects you from poison.
   It renders you almost immune to negative energy.
   It makes you more stealthy.
 Q - a +0 pair of boots (worn)
 S - the cursed +1 robe of the Jolly Spirits (worn) {+Fly Int-4 Dex+9 Stlth+}
   (You took it off a crimson imp on level 8 of the Dungeon)

   It affects your intelligence (-4).
   It affects your dexterity (+9).
   It lets you fly.
   It makes you more stealthy.
   It has a curse placed upon it.
 U - a +2 robe of cold resistance
 Y - the +3 hat of Anarchy (worn) {Int+4 Dex+4}
   (You found it in an ice cave)

   It affects your intelligence (+4).
   It affects your dexterity (+4).
Magical Staves
 i - an uncursed staff of air
 D - an uncursed staff of power
Jewellery
 F - a +4 ring of protection (left hand)
 G - an uncursed ring of flight
 R - a +4 ring of dexterity (right hand)
Wands
 p - a wand of acid (0/15)
 z - a wand of teleportation (6/9)
 H - a wand of disintegration (9/24)
 J - a wand of iceblast (4/15)
 P - a wand of hasting (5/9)
Scrolls
 g - 2 scrolls of blinking
 h - a scroll of identify
 l - 3 scrolls of enchant armour
 s - 2 scrolls of recharging
 x - 3 scrolls of amnesia
 B - 3 scrolls of enchant weapon
 I - 3 scrolls of teleportation
Potions
 c - a potion of resistance
 d - 3 potions of haste
 e - a potion of berserk rage
 f - a potion of cure mutation
 k - 5 potions of heal wounds
 m - 6 potions of curing
 o - a potion of flight
 r - a potion of brilliance
 w - 2 potions of might
 E - a potion of magic
 X - a potion of invisibility
 Z - a potion of cancellation
Books
 N - Sif Muna's Compendium of Destructive Orientation
   (Sif Muna gifted it to you on level 6 of the Lair of Beasts)

   Spells                             Type                      Level
   a - Searing Ray                    Conjuration                  2
   b - Recall                         Summoning/Translocation      3
   c - Portal Projectile              Translocation                3
   d - Orb of Destruction             Conjuration                  7
   e - Chain Lightning                Conjuration/Air              8
 O - a book of Dreams

   Spells                             Type                      Level
   a - Ensorcelled Hibernation        Hexes/Ice                    2
   b - Silence                        Hexes/Air                    5
   c - Darkness                       Hexes                        6
   d - Shadow Creatures               Summoning                    6
 T - Etasch's Grimoire of Bewitching Orientation
   (Sif Muna gifted it to you on level 5 of the Lair of Beasts)

   Spells                             Type                      Level
   a - Blink                          Translocation                2
   b - Dazzling Spray                 Conjuration/Hexes            3
   c - Confuse                        Hexes                        3
   d - Fulminant Prism                Conjuration/Hexes            4
   e - Discord                        Hexes                        8
Comestibles
 n - 12 bread rations
 u - 18 fruits
 C - 7 meat rations
 V - 3 beef jerkies
 W - 10 slices of pizza


   Skills:
 + Level 2.4 Fighting
 + Level 2.6 Short Blades
 + Level 2.4 Throwing
 + Level 5.0 Dodging
 + Level 5.0 Stealth
 * Level 16.2 Spellcasting
 * Level 10.8 Conjurations
 + Level 0.2 Hexes
 + Level 2.7 Charms
 + Level 2.6 Summonings
 + Level 1.5 Necromancy
 * Level 8.4 Translocations
 * Level 15.3 Air Magic
 + Level 0.4 Invocations


You had 4 spell levels left.
You knew the following spells:

 Your Spells              Type           Power        Failure   Level  Hunger
a - Shock                 Conj/Air       ####         0%          1    None
b - Airstrike             Air            ######....   1%          4    None
c - Swiftness             Chrm/Air       ######..     1%          2    None
d - Lightning Bolt        Conj/Air       ######....   1%          5    ###....
e - Static Discharge      Conj/Air       ######..     1%          3    None
f - Force Lance           Conj/Tloc      ######..     1%          4    None
g - Summon Lightning Spi  Summ/Air       ######..     1%          4    None
h - Regeneration          Chrm/Necr      ###.......   6%          3    None
i - Conjure Flame         Conj/Fire      #####...     1%          3    None
j - Sticky Flame          Conj/Fire      #####...     6%          4    None
k - Blink                 Tloc           N/A          1%          2    None
l - Dazzling Spray        Conj/Hex       #####.       1%          3    None
r - Repel Missiles        Chrm/Air       ######       1%          2    None
S - Animate Skeleton      Necr           N/A          1%          1    None


Dungeon Overview and Level Annotations

Branches:
Dungeon (11/15)            Temple (1/1) D:6            Lair (6/6) D:11
 Shoals (0/4) Lair:2       Spider (0/4) Lair:3        Slime (0/5) Lair:5
    Orc (2/2) D:9             Elf (0/3) Orc:2

Altars:
Ashenzari
Cheibriados
Dithmenos
Elyvilon
Fedhas
Gozag
Hepliaklqana
Kikubaaqudgha
Makhleb
Nemelex Xobeh
Okawaru
Qazlal
Ru
Sif Muna
Trog
Uskayaw
Vehumet
Xom
Yredelemnul
Zin
The Shining One
Beogh
Jiyva
Lugonu

Shops:
D:5 ![?[   D:8 [[[   Orc:2 *(

Annotations:
D:5 exclusion: door
Lair:5 1 runed door


Innate Abilities, Weirdness & Mutations

You have a pair of small antennae on your head.
You have very sharp teeth.
You possess an exceptional clarity of mind.
You are frail. (-10% HP)
Your system is resistant to poisons. (rPois)


Message History

Aim: an orc knight, wielding a war axe and wearing a plate armour (unusually strong)
The lance of force hits the orc knight.
The orc knight is lightly wounded.
The orc knight is knocked back by the lance of force.
Casting: Force Lance
Confirm with . or Enter, or press ? or * to list all spells.
Aiming: Force Lance
Press: ? - help, Shift-Dir - straight line, f/p - orc knight
Aim: an orc knight, wielding a war axe and wearing a plate armour (lightly wounded, unusually strong)
The lance of force misses the orc knight.
Casting: Force Lance
Confirm with . or Enter, or press ? or * to list all spells.
Aiming: Force Lance
Press: ? - help, Shift-Dir - straight line, f/p - orc knight
Aim: an orc knight, wielding a war axe and wearing a plate armour (lightly wounded, unusually strong)
The lance of force hits the orc knight.
The orc knight is lightly wounded.
The orc knight hits you with a war axe!!!
Ouch! That really hurt!
You die...

...#.......###....#
...#.........#....#
...#.........#....#
...#.........#....#
...#.........#....#
####.........#....#
'............#....#
#########################
................@...#.'!#
..[......(.)...o.[..#.#!#
.......)..[.......).#.#!#
.....[....[...........#.#
....##................###
.........)......#....≈#
................#...≈.#
#######################


You could see an orc knight.

Vanquished Creatures
  Snorg (D:10)
  3 hydras (Lair:5)
  7 death yaks
  An alligator (Lair:5)
  An unseen horror (D:10)
  A sea snake (Lair:6)
  A lindwurm (Volcano)
  3 hill giants
  An orc knight (Orc:1)
  An orc sorcerer (Orc:1)
  A manticore (Lair:6)
  4 elephants
  4 black mambas
  3 molten gargoyles (Volcano)
  An ice statue (IceCv)
  A centaur skeleton (D:10)
  A gargoyle (Volcano)
  3 rime drakes
  7 spiny frogs
  9 komodo dragons
  3 ice devils (IceCv)
  A polar bear (Lair:6)
  Grinder (D:5)
  4 blink frogs
  Prince Ribbit (D:5)
  3 dream sheep (Lair:6)
  4 wyverns
  4 fire elementals (Volcano)
  A human (D:8)
  A wraith (D:11)
  A hog (D:8)
  17 yaks
  A basilisk (Lair:5)
  4 hippogriffs
  2 fire bats (Lair:5)
  A steam dragon (D:11)
  Grum (D:11)
  2 hungry ghosts
  A warg (Orc:2)
  A vampire mosquito (Lair:5)
  A swamp worm (Lair:5)
  Duvessa (D:4)
  8 water moccasins
  4 ice beasts
  3 orc warriors
  5 porcupines
  3 black bears
  6 wasps
  An eye of draining (D:11)
  7 ogres
  2 swamp drakes
  2 sky beasts
  4 wolves
  5 centaurs
  7 crocodiles
  3 big kobolds
  Blork the orc (D:6)
  9 bullfrogs
  Dowan (D:4)
  A water moccasin zombie (D:5)
  A scorpion (D:6)
  16 killer bees
  2 electric eels (Lair:5)
  4 howler monkeys
  A bullfrog zombie (D:10)
  4 crimson imps
  A gnoll shaman (D:7)
  5 hounds
  3 jellies
  13 orc priests
  12 orc wizards
  3 bullfrog skeletons
  5 iguanas
  8 worker ants
  2 hound zombies
  A hound skeleton (D:8)
  A howler monkey zombie (D:11)
  A worker ant zombie (D:10)
  5 gnolls (D:7)
  18 adders
  58 river rats
  A shadow imp (D:7)
  3 white imps
  6 ufetubi (IceCv)
  An adder skeleton (D:4)
  5 worms
  4 dart slugs
  5 leopard geckos
  57 orcs
  7 bats
  3 giant cockroaches
  8 goblins
  3 hobgoblins
  12 jackals
  25 kobolds
  5 quokkas
  9 frilled lizards
  A giant cockroach zombie (D:4)
  A leopard gecko skeleton (D:6)
  10 rats
  2 fire vortices (Volcano)
  A plant (Lair:1)
515 creatures vanquished.

Vanquished Creatures (collateral kills)
  A reaper (IceCv)
  Erolcha (D:10)
  A hydra (Lair:5)
  A merfolk avatar (Lair:6)
  7 death yaks
  An orc high priest (Orc:1)
  The ghost of Xiguana the Fighter, a novice DsCK of Xom (D:8)
  A sea snake (Lair:6)
  7 elephants
  A torpor snail (Lair:5)
  An ice statue (IceCv)
  7 spiny frogs
  4 komodo dragons
  A rime drake (Lair:6)
  4 ice devils (IceCv)
  2 polar bears (Lair:6)
  2 wind drakes (Lair:6)
  2 jumping spiders (Lair:3)
  A dream sheep (Lair:6)
  A slime creature (Lair:5)
  5 blink frogs
  3 wyverns
  13 yaks
  A fire bat (Lair:5)
  A hungry ghost (D:11)
  3 basilisks
  A hog (D:8)
  4 swamp worms (Lair:5)
  3 water moccasins
  2 porcupines
  9 orc warriors
  9 wolves
  3 crocodiles
  An electric eel (Lair:5)
  2 hounds (D:11)
  7 orc priests (Orc:2)
  23 river rats
  12 white imps
  5 ufetubi (IceCv)
  10 orcs
  A fungus (Lair:6)
  2 plants (Lair:6)
167 creatures vanquished.

Vanquished Creatures (others)
  A white imp (IceCv)
  5 ufetubi (IceCv)
  2 bushes (Lair:6)
  11 fungi
  14 plants
33 creatures vanquished.

Grand Total: 715 creatures vanquished

Notes
Turn   | Place    | Note
-------+----------+-------------------------------------------
     0 | D:1      | nubinia the High Elf Air Elementalist began the quest for the Orb.
     0 | D:1      | Reached XP level 1. HP: 11/11 MP: 4/4
   304 | D:1      | Reached XP level 2. HP: 17/17 MP: 0/6
   363 | D:1      | Learned a level 2 spell: Repel Missiles
   366 | D:1      | Learned a level 2 spell: Swiftness
  1283 | D:2      | Reached skill level 3 in Spellcasting
  1386 | D:2      | Reached XP level 3. HP: 21/21 MP: 5/8
  1416 | D:2      | Learned a level 3 spell: Static Discharge
  1495 | D:2      | Found a glowing golden altar of the Shining One.
  1927 | D:2      | Found a burning altar of Makhleb.
  1927 | D:2      | Found a shimmering altar of Xom.
  2146 | D:2      | Reached XP level 4. HP: 25/27 MP: 3/10
  2555 | D:3      | Reached skill level 4 in Spellcasting
  2565 | D:3      | Noticed an orc warrior
  2951 | D:3      | Reached XP level 5. HP: 31/31 MP: 5/13
  3368 | D:3      | Found an opulent altar of Gozag.
  3371 | D:3      | Found a sparkling altar of Nemelex Xobeh.
  3398 | D:3      | Reached skill level 5 in Spellcasting
  3434 | D:3      | Reached skill level 5 in Air Magic
  3620 | D:3      | Found a bloodstained altar of Trog.
  3623 | D:3      | Found a hide-covered altar of Uskayaw.
  3629 | D:3      | Found a stormy altar of Qazlal.
  3739 | D:4      | Reached XP level 6. HP: 36/36 MP: 7/14
  4085 | D:4      | Noticed Duvessa
  4139 | D:4      | Killed Duvessa
  4216 | D:4      | Noticed Dowan
  4226 | D:4      | Killed Dowan
  5106 | D:3      | Upgraded the game from 0.19-a0-1442-g3b32ff5 to 0.19-a0-1457-g32fba05
  5145 | D:4      | Reached XP level 7. HP: 42/42 MP: 11/16
  5152 | D:4      | Learned a level 5 spell: Lightning Bolt
  5188 | D:4      | Found a sacrificial altar of Ru.
  5195 | D:4      | Found an ancient bone altar of Kikubaaqudgha.
  5293 | D:5      | Entered Level 5 of the Dungeon
  5308 | D:5      | Found Mausidet's Magic Scroll Boutique.
  5316 | D:5      | Reached skill level 6 in Spellcasting
  5431 | D:4      | Reached skill level 1 in Throwing
  5507 | D:5      | Noticed Grinder
  5585 | D:5      | Found Jepussemn's Antique Armour Shop.
  5593 | D:5      | Bought a pair of embroidered gloves for 94 gold pieces
  5967 | D:5      | Paralysed by Grinder for 7 turns
  5976 | D:5      | Killed Grinder
  6195 | D:5      | Found a white marble altar of Elyvilon.
  6237 | D:5      | Found Lameob's Armour Shop.
  6247 | D:5      | Got an ichor-stained cloak
  6258 | D:5      | Identified the +2 cloak of Love and Death {rPois rN+++ Int-3 Stlth+} (You found it on level 5 of the Dungeon)
  6397 | D:5      | Found a basalt altar of Yredelemnul.
  6420 | D:5      | Noticed Prince Ribbit
  6439 | D:5      | Killed Prince Ribbit
  6439 | D:5      | Reached skill level 7 in Spellcasting
  6439 | D:5      | Reached XP level 8. HP: 24/47 MP: 5/19
  6606 | D:5      | Reached skill level 1 in Fighting
  6775 | D:5      | Reached skill level 1 in Short Blades
  6781 | D:5      | Found Negesh's Distillery.
  6784 | D:5      | Bought a potion of mutation for 27 gold pieces
  6784 | D:5      | Gained mutation: You have very sharp teeth. [potion of mutation]
  6784 | D:5      | Gained mutation: You possess an exceptional clarity of mind. [potion of mutation]
  6985 | D:5      | Found a glowing silver altar of Zin.
  7082 | D:5      | Upgraded the game from 0.19-a0-1457-g32fba05 to 0.19-a0-1468-ge013c26
  7113 | D:6      | Reached skill level 5 in Conjurations
  7470 | D:6      | Learned a level 4 spell: Airstrike
  7614 | D:6      | Found a staircase to the Ecumenical Temple.
  7621 | Temple   | Entered the Ecumenical Temple
  7645 | Temple   | Became a worshipper of Sif Muna the Loreminder
  7782 | D:6      | Noticed Blork the orc
  7815 | D:6      | Reached skill level 1 in Charms
  8001 | D:6      | Killed Blork the orc
  8381 | D:6      | Reached skill level 8 in Spellcasting
  8517 | D:7      | Reached XP level 9. HP: 53/53 MP: 13/22
  8527 | D:7      | Gained mutation: You are frail. (-10% HP) [mutagenic meat]
  8530 | D:7      | Gained mutation: Your system is resistant to poisons. (rPois) [mutagenic meat]
  9182 | D:7      | Reached * piety under Sif Muna
  9469 | D:7      | Found a basalt altar of Yredelemnul.
  9854 | D:7      | Learned a level 4 spell: Force Lance
  9907 | D:7      | Reached skill level 9 in Spellcasting
 10249 | D:8      | Found Bomeg's Armour Shoppe.
 10303 | D:8      | Reached skill level 1 in Translocations
 10317 | D:8      | Noticed Xiguana's ghost (novice DsCK)
 10318 | D:8      | Found Puebruh's Armour Shoppe.
 10768 | D:8      | Reached ** piety under Sif Muna
 10779 | D:8      | Reached skill level 10 in Air Magic
 10989 | D:8      | Reached XP level 10. HP: 51/52 MP: 10/24
 11139 | D:8      | Reached skill level 10 in Spellcasting
 11142 | D:8      | Got a warped robe
 11143 | D:8      | Identified the cursed +1 robe of the Jolly Spirits {+Fly Int-4 Dex+9 Stlth+} (You took it off a crimson imp on level 8 of the Dungeon)
 11515 | D:9      | Learned a level 4 spell: Summon Lightning Spire
 11566 | D:8      | Killed Xiguana's ghost
 11908 | D:8      | Found Cyowoinau's Antique Armour Boutique.
 11921 | D:8      | Bought a glowing robe for 23 gold pieces
 12410 | D:8      | Upgraded the game from 0.19-a0-1468-ge013c26 to 0.19-a0-1513-gf6d23ed
 12845 | D:9      | Found Zoegriaq's Distillery.
 13173 | D:9      | Reached *** piety under Sif Muna
 13177 | D:9      | Reached skill level 11 in Spellcasting
 13748 | D:9      | Found a staircase to the Orcish Mines.
 13943 | D:10     | Entered Level 10 of the Dungeon
 14015 | D:10     | Found a radiant altar of Vehumet.
 14143 | D:10     | Noticed Snorg
 14426 | D:10     | Gained mutation: You have a pair of small antennae on your head. [potion of beneficial mutation]
 14741 | D:10     | Upgraded the game from 0.19-a0-1513-gf6d23ed to 0.19-a0-1532-g228a5d9
 14865 | D:10     | Noticed a hill giant
 14871 | D:10     | Killed a hill giant
 14871 | D:10     | Reached XP level 11. HP: 56/56 MP: 3/27
 15027 | D:10     | Killed an unseen horror
 15027 | D:10     | Reached **** piety under Sif Muna
 15165 | D:10     | Noticed Erolcha
 15174 | D:10     | Killed Erolcha
 15289 | D:10     | Killed Snorg
 15289 | D:10     | Reached skill level 12 in Spellcasting
 16484 | D:11     | Found a frozen archway.
 16609 | IceCv    | Entered an ice cave
 16610 | IceCv    | Upgraded the game from 0.19-a0-1532-g228a5d9 to 0.19-a0-1568-gdd01aac
 16929 | IceCv    | Reached ***** piety under Sif Muna
 17215 | IceCv    | Got a spiked hat
 17226 | IceCv    | Identified the +3 hat of Anarchy {Int+4 Dex+4} (You found it in an ice cave)
 17278 | IceCv    | Received a gift from Sif Muna
 17286 | IceCv    | Learned a level 3 spell: Regeneration
 17473 | IceCv    | Noticed a reaper
 17481 | IceCv    | Killed a reaper
 17625 | IceCv    | Reached skill level 13 in Spellcasting
 17715 | D:11     | Noticed Grum
 17717 | D:11     | Killed Grum
 17829 | D:11     | Noticed a hill giant
 17835 | D:11     | Killed a hill giant
 18016 | D:11     | Found a staircase to the Lair.
 18198 | D:11     | Reached skill level 5 in Translocations
 18230 | Lair:1   | Entered Level 1 of the Lair of Beasts
 18278 | Lair:1   | Reached XP level 12. HP: 62/62 MP: 19/30
 19355 | Lair:1   | Reached skill level 1 in Summonings
 19549 | Lair:2   | Found a staircase to the Shoals.
 20731 | Lair:3   | Noticed a death yak
 20794 | Lair:3   | Killed a death yak
 20794 | Lair:3   | Identified Sif Muna's Incunabulum of Conjuration and Dark Rituals (Sif Muna gifted it to you on level 3 of the Lair of Beasts)
 20794 | Lair:3   | Received a gift from Sif Muna
 20797 | Lair:3   | Learned a level 1 spell: Animate Skeleton
 20802 | Lair:3   | Learned a level 4 spell: Sticky Flame
 20883 | Lair:3   | Noticed a death yak
 20887 | Lair:3   | Noticed a death yak
 20888 | Lair:3   | Noticed a death yak
 20891 | Lair:3   | Upgraded the game from 0.19-a0-1568-gdd01aac to 0.19-a0-1587-gaef70b6
 20893 | Lair:3   | Killed a death yak
 20900 | Lair:3   | Killed a death yak
 20932 | Lair:2   | Killed a death yak
 21193 | Lair:3   | Learned a level 3 spell: Conjure Flame
 21252 | Lair:3   | Reached skill level 14 in Spellcasting
 21346 | Lair:3   | Found a hole to the Spider Nest.
 21713 | Lair:4   | Upgraded the game from 0.19-a0-1587-gaef70b6 to 0.19-a0-1626-g5215c36
 21942 | Lair:4   | Identified 2 scrolls of acquirement
 21944 | Lair:4   | Got a faintly glowing cloak
 21956 | Lair:4   | Identified the +2 cloak "Coir" {rPois rF+ rC+ Dex-5} (You acquired it on level 4 of the Lair of Beasts)
 22316 | Lair:5   | Found a dark tunnel.
 22415 | Volcano  | Entered a volcano
 22638 | Volcano  | Reached XP level 13. HP: 66/66 MP: 0/32
 23718 | Lair:5   | Found a shimmering altar of Xom.
 24066 | Lair:4   | Upgraded the game from 0.19-a0-1626-g5215c36 to 0.19-a0-1672-g679cadd
 24315 | Lair:5   | Identified Etasch's Grimoire of Bewitching Orientation (Sif Muna gifted it to you on level 5 of the Lair of Beasts)
 24315 | Lair:5   | Received a gift from Sif Muna
 24319 | Lair:5   | Learned a level 2 spell: Blink
 24323 | Lair:5   | Learned a level 3 spell: Dazzling Spray
 24418 | Lair:5   | Found a runed door.
 24419 | Lair:5   | Found a viscous altar of Jiyva.
 24419 | Lair:5   | Noticed an acid blob
 24420 | Lair:5   | Found a staircase to the Slime Pits.
 24420 | Lair:5   | Noticed an acid blob
 24432 | Lair:6   | Entered Level 6 of the Lair of Beasts
 24970 | Lair:6   | Reached skill level 15 in Spellcasting
 25029 | Lair:4   | Upgraded the game from 0.19-a0-1672-g679cadd to 0.19-a0-1676-g39ae8cc
 25567 | Lair:5   | Reached skill level 5 in Stealth
 25779 | Lair:4   | Reached skill level 10 in Conjurations
 26094 | Lair:5   | Upgraded the game from 0.19-a0-1676-g39ae8cc to 0.19-a0-1704-gbd66c22
 26312 | Lair:5   | Reached skill level 1 in Necromancy
 26958 | Lair:6   | Identified Sif Muna's Compendium of Destructive Orientation (Sif Muna gifted it to you on level 6 of the Lair of Beasts)
 26958 | Lair:6   | Received a gift from Sif Muna
 26999 | Lair:6   | Reached skill level 15 in Air Magic
 27048 | Lair:6   | Found a bloodstained altar of Trog.
 27173 | Lair:6   | Reached skill level 5 in Dodging
 27677 | Lair:6   | Reached XP level 14. HP: 72/72 MP: 29/34
 27988 | Lair:5   | Upgraded the game from 0.19-a0-1704-gbd66c22 to 0.19-a0-1732-g0b18a7b
 28445 | Lair:6   | Reached skill level 16 in Spellcasting
 28521 | Lair:6   | Got an ichor-stained quarterstaff
 28792 | Orc:1    | Entered Level 1 of the Orcish Mines
 28851 | Orc:1    | HP: 3/72 [sixfirhy[an orc high priest] (11)]
 29142 | D:9      | Identified the +8 quarterstaff of Zukkeoho {crush, +Inv rElec Int+4 Dex-3} (You found it on level 6 of the Lair of Beasts)
 29421 | Orc:2    | Entered Level 2 of the Orcish Mines
 29421 | Orc:2    | Found a roughly hewn altar of Beogh.
 29421 | Orc:2    | Found Omi Upepivu's Weapon Shoppe.
 29423 | Orc:2    | Found a staircase to the Elven Halls.
 29427 | Orc:2    | Found Piano's Assorted Antiques.
 29446 | Orc:2    | Bought a scroll of remove curse for 102 gold pieces
 29983 | D:9      | Demolished by an orc knight

Vault maps used:
D:1:      lightli_arrival_flooded_house, minmay_misc_feat_x, serial_bayou_pond_c
D:2:      gammafunk_temple_overflow_elements, nicolae_tso_carved_into_rock,
          first_bread
D:3:      grunt_temple_overflow_opulence, grunt_temple_overflow_diamond
D:4:      amethyst_overflow_temple_binary, uniq_duvessa
D:5:      kennysheep_ying_yang, basic_altar, serial_shops, shop,
          nicolae_shop_trees, nicolae_shop_behind_doors,
          nicolae_shop_competitors_out_of_business, uniq_prince_ribbit1,
          uniq_grinder
D:6:      uniq_blork_the_orc
D:7:      basic_altar
D:8:      serial_shops, nicolae_shop_waterfront, nicolae_shop_trees, shop,
          grunt_livestock
D:9:      erik_orc_1, serial_shops, shop
D:10:     basic_altar, uniq_erolcha, uniq_snorg
D:11:     david_lair_shrubbed, portal_ice_cave_entry_imps, uniq_grum
Temple:   corrupted_temple
Lair:1:   patterned_corridor, serial_bayou_shore_b, serial_bayou_shore_b
Lair:2:   shoals_dummy_entry, lemuel_fruit_tree
Lair:3:   spider_nest_entry_a
Lair:4:   beast_lair_carwin_10
Lair:5:   onia_ninara_swampy_vault, slime_altar_2,
          nicolae_volcano_entry_batcave, basic_altar, serial_bayou_lake_a,
          serial_bayou_shore_b
Lair:6:   gammafunk_lair_ancient_temple, basic_altar
Orc:1:    uniq_maurice
Orc:2:    st_orc_pillars, basic_altar, serial_shops, shop,
          nicolae_shop_statue_plus, shop_statue, nicolae_shop_trees,
          shop_statue, nicolae_orc_tapped_out
IceCv:    ice_cave_small_demon
Volcano:  volcano_aerie

Skill      XL: |  1  2  3  4  5  6  7  8  9 10 11 12 13 14 |
---------------+-------------------------------------------+-----
Air Magic      | 4 5 6 8 10 11 13 14 15 | 15.3
Spellcasting   | 3 4 5 7 8 9 11 13 14 15 16 | 16.2
Conjurations   | 2 3 4 5 6 7 8 9 10 | 10.8
Throwing       | 1 2 |  2.4
Dodging        | 3 4 5 |  5.0
Stealth        | 3 4 5 |  5.0
Fighting       | 1 2 |  2.4
Short Blades   | 1 2 |  2.6
Charms         | 1 2 |  2.7
Translocations | 1 3 5 6 8 |  8.4
Summonings     | 1 2 |  2.6
Necromancy     | 1 |  1.5
Hexes          | |  0.2
Invocations    | |  0.4

Action                   |  1- 3 |  4- 6 |  7- 9 | 10-12 | 13-15 || total
-------------------------+-------+-------+-------+-------+-------++-------
Melee: Dagger            |     1 |       |     4 |   163 |    82 ||   250
       Rapier            |       |    12 |     5 |    30 |       ||    47
       Bite              |       |       |     1 |    26 |    14 ||    41
       Mace              |       |       |       |     3 |     1 ||     4
 Fire: Blowgun           |       |    16 |    11 |    22 |       ||    49
 Cast: Shock             |    98 |   112 |   254 |   409 |   125 ||   998
       Repel Missiles    |     2 |     1 |       |       |     1 ||     4
       Static Discharge  |       |     4 |    15 |     5 |       ||    24
       Swiftness         |       |     1 |     2 |     1 |     2 ||     6
       Airstrike         |       |       |    50 |   178 |    83 ||   311
       Summon Lightning  |       |       |       |    47 |    59 ||   106
       Force Lance       |       |       |       |    37 |   136 ||   173
       Regeneration      |       |       |       |     5 |     2 ||     7
       Animate Skeleton  |       |       |       |    20 |    52 ||    72
       Lightning Bolt    |       |       |       |     5 |     9 ||    14
       Dazzling Spray    |       |       |       |       |    12 ||    12
       Blink             |       |       |       |       |     1 ||     1
Invok: Divine Energy     |       |       |       |     1 |       ||     1
       Channel Magic     |       |       |       |     1 |     1 ||     2
Evoke: Wand              |       |       |       |     1 |     3 ||     4
  Use: Scroll            |     1 |     9 |     3 |    26 |     8 ||    47
       Potion            |     1 |     4 |     1 |     2 |     3 ||    11
 Stab: Sleeping          |       |       |     1 |     9 |     8 ||    18
       Distracted        |       |       |       |     6 |     3 ||     9
  Eat: Chunk             |     4 |     7 |    20 |    35 |    18 ||    84
       Bread ration      |       |     1 |       |       |       ||     1
       Beef jerky        |       |       |       |     4 |     3 ||     7
       Fruit             |       |       |       |       |     1 ||     1
Armor: Robe              |     3 |     2 |    18 |   120 |    69 ||   212
Dodge: Dodged            |    18 |    22 |    53 |   238 |   155 ||   486
       Deflected         |     2 |     1 |     2 |     9 |     1 ||    15
